Map: [ESL] Data-C

Players

Solar - Winner!

  • Race: Zerg Zerg
  • League: Master
  • Spawn Location: 9:00

LiquidClem (Clem)

  • Race: Terran Terran
  • League: Master
  • Spawn Location: 3:00

VOD

Have the link to the VOD?

Description

Time

  • Played on: Nov. 3, 2022, 12:07 p.m.
  • Length: 19:24
Show
View Real Time Build Order
Export as new Build Order

Solar Zerg - Winner!

Build Orders: Hatch First, Lurkers 

Get SALT Encoding   

  12  0:00  Drone  
  13  0:12  Overlord  
  13  0:17  Drone  
  14  0:31  Drone x2  
  16  0:48  Hatchery  
  15  0:51  Drone  
  15  0:54  Drone  
  17  0:58  Drone  
  18  1:10  Extractor  
  17  1:13  Spawning Pool  
  17  1:16  Drone  
  17  1:20  Drone  
  18  1:28  Drone  
  19  1:38  Drone  
  20  1:49  Drone  
  21  2:00  Queen x2  
  21  2:01  Zergling x4  
  27  2:13  Hatchery  
  26  2:17  Overlord  
  26  2:21  Drone  
  27  2:23  Drone  
  28  2:36  Drone x3  
  31  2:39  Queen  
  33  2:44  Overlord  
  33  2:49  Metabolic Boost  
  33  2:54  Drone x2  
  33  2:56  Drone  
  36  3:05  Drone x2  
  36  3:09  Drone  
  36  3:10  Drone x2  
  41  3:14  Queen  
  41  3:19  Overlord  
  43  3:21  Drone  
  43  3:26  Queen  
  46  3:30  Queen  
  48  3:35  Drone x2  
  48  3:38  Overlord  
  48  3:40  Drone  
  51  3:41  Drone  
  51  3:47  Drone x4  
  56  3:52  Drone x2  
  56  3:55  Overlord  
  58  3:58  Drone  
  58  3:59  Drone x2  
  58  4:01  Zergling x2  
  58  4:02  Zergling x2  
  63  4:06  Queen  
  63  4:09  Overlord  
  65  4:13  Queen  
  65  4:16  Overlord  
  67  4:18  Drone x3  
  67  4:20  Drone  
  67  4:23  Overlord  
  71  4:27  Zergling x6  
  71  4:29  Drone  
  75  4:32  Lair  
  75  4:33  Drone  
  75  4:34  Drone  
  75  4:35  Drone  
  75  4:36  Drone  
  75  4:38  Spore Crawler  
  78  4:39  Spore Crawler  
  78  4:41  Drone x2  
  79  4:46  Spore Crawler, Queen  
  79  4:50  Drone x2, Extractor x2  
  80  4:54  Baneling Nest  
  80  4:58  Drone  
  80  5:00  Overlord  
  80  5:01  Drone x4  
  80  5:02  Drone  
  80  5:03  Zergling x2  
  80  5:04  Zergling x2  
  80  5:05  Drone  
  88  5:07  Drone  
  88  5:09  Drone  
  88  5:13  Drone  
  89  5:16  Drone  
  89  5:18  Evolution Chamber  
  89  5:19  Overlord  
  89  5:22  Drone x3  
  89  5:23  Evolution Chamber  
  89  5:24  Drone x3  
  89  5:25  Extractor x2  
  92  5:30  Overseer  
  92  5:34  Overlord  
  92  5:39  Zergling x8  
  95  5:47  Zergling x6, Hatchery  
  97  5:50  Zergling x2  
  97  5:53  Drone x5  
  101  5:57  Zergling x8  
  101  6:02  Drone x2  
  103  6:08  Drone  
  96  6:12  Drone  
  96  6:14  Drone  
  96  6:15  Drone  
  96  6:16  Drone  
  96  6:17  Drone, Centrifugal Hooks  
  97  6:21  Zerg Ground Armor Level 1  
  97  6:22  Zergling x4, Zerg Melee Weapons Level 1  
  97  6:23  Hatchery  
  99  6:34  Hatchery  
  99  6:35  Drone x2  
  99  6:37  Zergling x10  
  99  6:39  Hydralisk Den  
  104  6:43  Drone  
  105  6:47  Overlord x2  
  105  6:48  Drone, Overlord  
  105  6:49  Drone x3  
  105  6:54  Zergling x8  
  113  6:58  Baneling x9  
  113  6:59  Baneling x2  
  113  7:00  Overlord  
  113  7:03  Overlord  
  113  7:05  Overlord  
  113  7:07  Spore Crawler  
  112  7:08  Pneumatized Carapace  
  112  7:10  Grooved Spines, Extractor  
  112  7:12  Drone  
  112  7:13  Drone x3  
  115  7:16  Drone x2  
  115  7:17  Zergling x2  
  115  7:20  Zergling x4  
  120  7:24  Zergling x6  
  120  7:27  Zergling x4, Baneling x2  
  125  7:30  Drone  
  125  7:36  Drone  
  126  7:42  Hydralisk x4  
  134  7:46  Hydralisk, Drone  
  134  7:47  Hydralisk  
  134  7:50  Overseer  
  134  7:51  Zergling x6  
  142  7:55  Overlord  
  142  7:56  Drone  
  142  7:57  Zergling x8  
  147  8:00  Zergling x2  
  147  8:04  Overlord  
  148  8:05  Hatchery  
  148  8:07  Hydralisk x2  
  148  8:11  Drone x2  
  153  8:15  Zergling x12  
  153  8:16  Baneling x5  
  153  8:18  Zerg Ground Armor Level 2  
  159  8:21  Infestation Pit  
  159  8:22  Muscular Augments, Drone x3  
  159  8:24  Extractor  
  159  8:26  Zergling x8  
  162  8:28  Zerg Melee Weapons Level 2  
  162  8:31  Zergling x4  
  163  8:34  Zergling x2  
  163  8:37  Zergling x2  
  163  8:39  Zergling x12  
  166  8:46  Baneling x4  
  166  8:48  Drone x3  
  168  8:50  Lurker Den  
  168  8:51  Hydralisk x3  
  168  8:53  Overlord  
  168  8:54  Overlord  
  168  8:55  Zergling x8  
  177  8:58  Zergling x2  
  177  8:59  Baneling x2  
  178  9:03  Zergling x8  
  178  9:08  Zergling x6  
  182  9:12  Hive  
  182  9:13  Zergling x4  
  183  9:19  Drone  
  183  9:20  Drone  
  183  9:21  Zergling x2  
  184  9:27  Zergling x12, Drone x2  
  184  9:28  Zergling x4  
  184  9:29  Spore Crawler  
  184  9:30  Baneling x8  
  193  9:32  Drone  
  193  9:33  Zergling x6  
  197  9:38  Hydralisk  
  197  9:40  Zergling x2  
  198  9:48  Hatchery  
  197  9:57  Overlord  
  197  9:59  Zergling x16  
  199  10:04  Hydralisk x3  
  199  10:05  Zergling x18, Hatchery  
  199  10:06  Overlord  
  187  10:08  Drone  
  187  10:09  Drone  
  187  10:13  Drone x2  
  190  10:14  Overlord  
  190  10:20  Zergling x2  
  190  10:21  Zergling x2  
  192  10:28  Zergling x6  
  190  10:31  Zergling x6  
  190  10:32  Zergling x2  
  190  10:34  Zergling x8  
  190  10:35  Hydralisk x3  
  185  10:41  Hatchery  
  185  10:42  Drone  
  189  10:44  Baneling x15  
  189  10:48  Zerg Ground Armor Level 3, Zerg Missile Weapons Level 1, Viper x2  
  189  10:49  Adrenal Glands  
  195  10:54  Zergling x12  
  193  10:59  Extractor  
  193  11:00  Zergling x6  
  193  11:01  Zergling x8  
  193  11:02  Seismic Spines  
  195  11:08  Drone x3  
  195  11:09  Zergling x4  
  196  11:14  Zergling x8  
  200  11:25  Zergling x10  
  188  11:27  Hydralisk x3  
  188  11:31  Zergling x8  
  166  11:34  Zergling x6  
  166  11:36  Zergling x4  
  166  11:38  Baneling x10  
  166  11:39  Zergling x2, Baneling x3  
  172  11:40  Zergling x6  
  172  11:41  Zergling x2  
  172  11:42  Zergling x2  
  174  11:47  Zergling x2  
  174  11:49  Hydralisk x3  
  180  11:55  Zergling x4  
  180  11:58  Zergling x6  
  180  11:59  Adaptive Talons  
  183  12:01  Zergling x4  
  181  12:10  Zergling x2  
  181  12:11  Zergling x20  
  182  12:16  Drone x3  
  182  12:18  Drone  
  182  12:20  Drone x2  
  166  12:22  Zergling x2  
  166  12:27  Zergling x6  
  166  12:31  Hydralisk x2  
  166  12:34  Zergling x8  
  172  12:38  Zergling x10  
  172  12:40  Baneling x6  
  172  12:42  Zerg Melee Weapons Level 3  
  172  12:43  Overlord  
  173  12:47  Zergling x8  
  162  12:52  Zergling x2  
  162  12:53  Zergling x6  
  162  12:56  Drone x3  
  162  13:00  Nydus Network  
  162  13:01  Zergling x16  
  162  13:03  Drone x2  
  162  13:04  Lurker x8  
  179  13:07  Hydralisk x4  
  179  13:08  Zergling x4  
  179  13:10  Drone  
  190  13:16  Baneling x13  
  190  13:17  Baneling x2  
  190  13:19  Zergling x14  
  197  13:24  Zergling x8, Zerg Missile Weapons Level 2  
  200  13:29  Overseer  
  200  13:32  Zergling x4  
  200  13:33  Spore Crawler  
  197  13:34  Zergling x6  
  197  13:35  Zergling x4  
  200  13:45  Zergling x8  
  200  13:48  Nydus Canal  
  197  13:50  Zergling x2  
  197  13:51  Zergling x2  
  197  13:52  Baneling x3  
  192  13:57  Zergling x14  
  192  13:58  Zergling x6  
  192  14:02  Zergling x4  
  200  14:06  Hydralisk x5  
  200  14:09  Zergling x18  
  196  14:15  Overlord  
  196  14:16  Spore Crawler, Overlord  
  192  14:18  Overlord x2  
  192  14:20  Overlord  
  192  14:23  Zergling x8  
  193  14:27  Baneling x13  
  193  14:28  Baneling x11  
  193  14:31  Overlord  
  193  14:32  Overlord  
  193  14:38  Drone x2  
  195  14:39  Drone  
  195  14:43  Zergling x2, Hatchery  
  195  14:44  Zergling x10  
  195  14:45  Nydus Canal  
  199  14:52  Zergling x4  
  196  14:54  Zergling x2  
  196  14:55  Zergling x8  
  196  15:02  Zergling x28  
  196  15:06  Hydralisk x2  
  197  15:08  Nydus Canal  
  197  15:10  Zergling x6  
  197  15:12  Overlord  
  199  15:14  Overlord  
  199  15:17  Overlord  
  199  15:18  Overlord  
  199  15:21  Zergling x4  
  199  15:24  Zergling x2, Nydus Canal  
  199  15:25  Zergling x8  
  199  15:26  Zergling x10  
  179  15:29  Baneling x16  
  179  15:30  Baneling x2  
  179  15:33  Zergling x8  
  179  15:35  Hydralisk  
  183  15:39  Zergling x10  
  183  15:42  Zergling x6  
  177  15:46  Zergling x2  
  168  15:53  Zergling x2  
  168  15:54  Zergling x10  
  168  15:55  Overseer x2, Hatchery  
  171  15:58  Zergling x6  
  171  16:02  Zergling x8  
  171  16:03  Zergling x2  
  176  16:08  Zergling x6  
  174  16:15  Zergling x8  
  174  16:18  Hydralisk x2  
  178  16:19  Hatchery  
  178  16:22  Hydralisk  
  178  16:23  Zergling x2  
  178  16:24  Zergling x4  
  186  16:29  Drone x6  
  186  16:31  Baneling x4  
  186  16:32  Baneling  
  190  16:37  Drone x2  
  190  16:39  Baneling  
  193  16:40  Baneling x3  
  193  16:42  Zergling x10  
  193  16:45  Baneling x6  
  197  16:52  Zergling x2  
  197  16:53  Zergling x4  
  199  16:56  Zergling x2, Hatchery  
  199  16:57  Zergling x2  
  200  17:05  Baneling x12  
  190  17:23  Zergling x20  
  190  17:29  Zergling x32  
  200  17:35  Zergling x6  
  197  17:38  Zergling x2  
  197  17:39  Zergling x2  
  197  17:43  Baneling  
  197  17:44  Baneling x4  
  198  17:45  Drone  
  198  17:48  Zergling x2  
  198  17:49  Zergling x2  
  180  17:58  Zergling x2  
  180  17:59  Zergling x22  
  180  18:02  Viper x2  
  180  18:03  Viper  
  180  18:05  Zergling x14  
  184  18:07  Hydralisk x2  
  184  18:09  Zergling x4  
  192  18:15  Zergling x8  
  193  18:20  Zergling x2  
  193  18:21  Zergling x12  
  193  18:24  Hatchery  
  193  18:25  Zergling x2  
  199  18:30  Baneling x3  
  199  18:31  Zergling x6  
  194  18:34  Zergling x6  
  194  18:35  Zergling x4  
  194  18:38  Zergling x6  
  194  18:40  Zergling x4  
  200  18:56  Baneling x13  
  200  19:01  Zergling x14  
  195  19:03  Zergling x16  
Show
View Real Time Build Order
Export as new Build Order

LiquidClem Terran 

Build Orders: Reaper Expand, Hellion Banshee 

Get SALT Encoding   

  12  0:00  SCV  
  13  0:12  SCV  
  14  0:16  Supply Depot  
  14  0:24  SCV  
  15  0:38  SCV  
  15  0:39  Barracks  
  16  0:44  Refinery  
  16  0:50  SCV  
  17  1:02  SCV  
  18  1:14  SCV  
  19  1:27  Reaper, Orbital Command  
  20  1:40  Command Center  
  20  1:48  Supply Depot  
  20  1:52  SCV  
  21  1:58  Marine  
  22  2:04  SCV  
  23  2:11  Factory  
  23  2:16  SCV  
  23  2:22  Barracks Reactor  
  24  2:28  SCV  
  25  2:40  Command Center  
  25  2:43  SCV  
  27  2:58  Starport  
  27  3:00  Orbital Command  
  27  3:02  SCV  
  27  3:08  Refinery  
  27  3:10  Hellion  
  29  3:14  Hellion  
  29  3:16  SCV  
  29  3:19  Barracks Tech Lab  
  32  3:26  SCV  
  33  3:28  SCV  
  33  3:32  Hellion  
  36  3:35  Hellion  
  36  3:39  SCV  
  36  3:40  SCV  
  40  3:45  Banshee  
  43  3:51  SCV  
  43  3:52  SCV, Orbital Command  
  45  3:56  Cloaking Field  
  45  3:59  Hellion  
  47  4:03  Hellion  
  47  4:05  SCV  
  47  4:07  SCV  
  51  4:10  Supply Depot  
  51  4:13  Barracks Tech Lab  
  51  4:17  SCV  
  51  4:18  SCV  
  51  4:19  SCV  
  54  4:24  Hellion  
  54  4:26  Hellion  
  54  4:29  SCV  
  54  4:30  SCV  
  60  4:32  Banshee  
  60  4:33  SCV  
  60  4:34  Supply Depot  
  64  4:38  Stimpack  
  64  4:39  Orbital Command  
  64  4:41  SCV  
  64  4:44  Barracks  
  65  4:47  Barracks  
  65  4:48  SCV  
  66  4:53  SCV  
  66  4:54  Refinery  
  66  4:58  Supply Depot  
  67  5:00  SCV  
  67  5:03  Marine, Factory Reactor  
  67  5:05  SCV  
  70  5:09  SCV  
  70  5:12  Engineering Bay, SCV  
  70  5:13  Engineering Bay  
  70  5:15  Refinery  
  70  5:17  SCV  
  71  5:21  SCV, Marine  
  71  5:24  Supply Depot, Starport Reactor  
  71  5:25  SCV  
  74  5:30  SCV  
  74  5:31  Barracks  
  74  5:32  Barracks  
  74  5:34  SCV  
  76  5:37  Supply Depot, SCV  
  76  5:39  Marine  
  76  5:40  Marine  
  76  5:42  SCV  
  80  5:44  Factory Reactor  
  80  5:45  Supply Depot  
  80  5:46  Supply Depot, SCV, Marine  
  80  5:47  Marine  
  80  5:48  Marine  
  84  5:51  SCV  
  84  5:54  SCV  
  84  5:57  Marine  
  84  5:58  SCV  
  84  5:59  Marine  
  84  6:04  Marine  
  85  6:06  Marine  
  85  6:07  SCV x2  
  85  6:10  SCV  
  85  6:11  Marine  
  76  6:15  Marine  
  76  6:17  Marine  
  72  6:19  Barracks Reactor, SCV x2  
  72  6:21  Marine  
  72  6:22  Terran Infantry Weapons Level 1  
  75  6:26  Terran Infantry Armor Level 1  
  75  6:27  SCV  
  75  6:30  Marine x2  
  75  6:31  SCV  
  75  6:32  Barracks Reactor, SCV  
  80  6:35  Combat Shield  
  80  6:39  SCV, Medivac x2  
  85  6:43  SCV, Widow Mine x2  
  85  6:44  Marine x2  
  85  6:45  Marine  
  93  6:48  SCV, Marine  
  93  6:51  SCV, Refinery  
  96  6:54  Supply Depot  
  96  6:55  SCV  
  96  7:00  SCV, Factory  
  96  7:01  Marine x2  
  99  7:05  Marine x3  
  99  7:06  Marine x2  
  99  7:08  Widow Mine  
  107  7:09  Marine  
  107  7:10  Widow Mine  
  107  7:11  SCV x2  
  107  7:12  SCV  
  107  7:15  Armory  
  113  7:16  Marine  
  113  7:18  Marine  
  113  7:19  Marine  
  113  7:20  Medivac  
  118  7:29  Command Center, Widow Mine  
  120  7:34  Marine  
  120  7:35  Marine x3  
  120  7:36  Supply Depot  
  120  7:37  Widow Mine  
  124  7:38  Marine  
  125  7:46  Supply Depot  
  125  7:48  Medivac, Marine x4  
  125  7:49  Widow Mine  
  133  7:55  Supply Depot  
  133  7:56  Supply Depot  
  133  7:57  SCV x3, Marine x2  
  138  7:59  Widow Mine  
  138  8:02  Supply Depot  
  138  8:04  Marine  
  141  8:07  Marine x3  
  141  8:09  Widow Mine  
  141  8:10  Widow Mine  
  148  8:13  Terran Vehicle And Ship Armor Level 1, Supply Depot, Marine  
  148  8:17  Medivac  
  148  8:18  Medivac, Drilling Claws  
  153  8:21  Widow Mine  
  153  8:24  Marine  
  153  8:25  Supply Depot  
  153  8:26  Marine  
  155  8:28  Marine  
  155  8:29  Marine  
  155  8:30  Hellion  
  155  8:32  Marine  
  160  8:35  Widow Mine  
  160  8:38  Marine  
  148  8:43  Widow Mine, Marine x2  
  148  8:44  Marine  
  148  8:45  Marine x2  
  148  8:46  Marine  
  148  8:47  Marine  
  148  8:48  SCV x3  
  158  8:51  Widow Mine  
  158  8:54  Sensor Tower  
  158  8:55  Marine  
  161  8:57  Medivac x2  
  161  9:00  SCV, Terran Infantry Weapons Level 2  
  166  9:04  Terran Infantry Armor Level 2  
  160  9:10  Widow Mine, Marine x2  
  160  9:14  Marine x6  
  160  9:15  Marine  
  160  9:16  SCV  
  172  9:23  Widow Mine  
  174  9:28  SCV, Marine x2  
  177  9:32  Marine  
  177  9:34  Planetary Fortress  
  177  9:36  Barracks x2  
  177  9:38  Refinery, Barracks  
  178  9:39  Widow Mine  
  178  9:42  Sensor Tower  
  180  9:48  Widow Mine x2  
  180  9:50  SCV x2  
  185  9:53  Marine x2  
  185  9:56  Marine  
  186  10:00  Medivac  
  186  10:01  Widow Mine, Marine  
  186  10:02  Marine x5  
  186  10:05  Medivac  
  170  10:09  Widow Mine  
  170  10:11  Marine x2  
  170  10:13  Terran Vehicle And Ship Armor Level 2  
  168  10:14  Marine  
  168  10:17  Widow Mine  
  168  10:19  Marine x2  
  168  10:20  Marine x2  
  168  10:21  Marauder  
  175  10:24  Barracks Tech Lab x2  
  175  10:25  Barracks Tech Lab  
  175  10:28  Widow Mine  
  176  10:30  Medivac  
  176  10:34  Marine x4  
  176  10:35  Medivac  
  173  10:37  Marine x3  
  173  10:40  Widow Mine x2, Marine  
  173  10:42  Marauder  
  174  10:45  Command Center  
  174  10:49  Widow Mine, Marine  
  178  10:50  Marauder  
  178  10:52  Marine x3  
  178  10:54  Marauder, Marine  
  178  10:55  Marine x3  
  182  10:58  Marine  
  182  11:01  Widow Mine  
  182  11:02  Widow Mine  
  182  11:04  Marauder  
  181  11:08  Marauder  
  181  11:09  Marine  
  181  11:11  Widow Mine, Marauder  
  184  11:12  Marine  
  184  11:16  Marauder  
  189  11:23  Widow Mine x2  
  189  11:24  Medivac  
  189  11:25  Marauder, Marine x2  
  183  11:26  Marine  
  183  11:27  Marine  
  183  11:28  Marine x3  
  183  11:29  Marauder  
  183  11:30  Marine  
  183  11:32  Widow Mine  
  184  11:33  Marauder  
  184  11:36  Marine  
  184  11:38  Liberator  
  190  11:43  Marine x2  
  190  11:44  Widow Mine  
  194  11:48  Widow Mine  
  194  11:49  Marauder  
  191  11:54  Medivac  
  191  11:55  Marauder, Marine  
  191  11:58  Widow Mine  
  192  12:02  Marauder x2  
  192  12:06  Widow Mine  
  192  12:09  Marine x5  
  192  12:10  Marine  
  192  12:11  Marauder  
  193  12:16  Widow Mine, Marauder, Marine x2  
  193  12:19  Widow Mine  
  200  12:26  Liberator, Command Center  
  200  12:27  Sensor Tower  
  194  12:32  Marauder  
  194  12:36  Ghost Academy, Terran Vehicle And Ship Armor Level 3  
  179  12:38  Terran Infantry Weapons Level 3  
  179  12:39  Widow Mine  
  179  12:41  Marauder  
  179  12:43  Medivac  
  182  12:47  Marauder  
  182  12:50  Widow Mine, Marine x2  
  182  12:51  Marine x2  
  157  12:52  Marine  
  157  12:55  Marine x2  
  153  12:58  Widow Mine  
  153  13:03  SCV  
  153  13:04  SCV x3  
  157  13:06  Marine  
  157  13:09  Medivac, Ghost  
  162  13:14  Ghost  
  162  13:16  SCV x3, Ghost  
  162  13:19  SCV  
  170  13:24  Ghost  
  170  13:25  Sensor Tower  
  172  13:32  Marine  
  172  13:33  Refinery, Marine  
  173  13:41  Widow Mine x2  
  173  13:42  Widow Mine, Marauder, Marine  
  173  13:44  Marauder, Marine  
  173  13:45  Marine  
  173  13:46  Marine x2  
  185  13:54  Marine x2  
  185  13:55  Marauder, Marine x2  
  189  14:00  Marine  
  189  14:02  Marine  
  184  14:03  Medivac, Widow Mine x2  
  184  14:06  Marauder  
  149  14:11  Marauder, Marine x3  
  149  14:12  Marine x3  
  149  14:13  Widow Mine  
  149  14:14  Marauder  
  149  14:16  Marine  
  160  14:18  SCV  
  160  14:21  SCV  
  162  14:24  Widow Mine x2, Marine x2  
  162  14:27  Marauder  
  164  14:31  Liberator  
  164  14:35  Widow Mine, Ghost  
  171  14:41  Liberator  
  176  14:45  Widow Mine  
  176  14:46  Marine  
  176  14:47  Marine  
  173  14:59  Widow Mine  
  173  15:06  Widow Mine  
  158  15:08  Widow Mine  
  158  15:12  Command Center  
  158  15:14  Medivac  
  158  15:15  Marauder  
  158  15:16  Marine x2  
  158  15:21  Widow Mine  
  166  15:23  Marauder x2  
  166  15:24  Medivac  
  166  15:27  Widow Mine  
  162  15:30  SCV  
  162  15:31  Marine x2  
  162  15:33  SCV x2  
  162  15:35  Ghost  
  163  15:41  Widow Mine  
  160  15:44  Medivac, Widow Mine  
  160  15:45  Marine x2  
  165  15:52  Marine  
  165  15:54  SCV, Medivac  
  165  15:57  SCV  
  162  16:04  Widow Mine x2  
  162  16:10  Widow Mine  
  158  16:14  Medivac  
  158  16:15  Marauder, Marine  
  158  16:16  Marauder  
  162  16:21  Marine  
  162  16:23  Orbital Command  
  162  16:25  Widow Mine  
  163  16:28  Orbital Command  
  163  16:34  Widow Mine  
  163  16:38  Widow Mine  
  167  16:41  Orbital Command  
  167  16:48  Widow Mine  
  167  16:49  Marauder, Marine x4  
  175  16:59  Marauder  
  175  17:00  Marauder  
  175  17:04  Refinery x2  
  175  17:05  Engineering Bay  
  175  17:08  Marauder  
  176  17:10  Widow Mine, Marine x4  
  176  17:11  Marauder  
  176  17:15  Liberator  
  184  17:22  Widow Mine  
  179  17:25  SCV x2  
  179  17:26  Armory  
  179  17:27  Widow Mine  
  182  17:30  Marine  
  182  17:34  SCV  
  183  17:38  Widow Mine, Marauder  
  183  17:41  Marauder  
  183  17:42  Marauder, Marine x2  
  192  17:46  Marauder  
  192  17:49  SCV  
  192  17:50  SCV  
  192  17:51  SCV x2  
  195  17:54  SCV  
  195  17:56  SCV  
  172  18:00  Widow Mine, Marauder, Marine  
  172  18:01  Marine  
  172  18:03  Marine  
  172  18:04  Marine  
  144  18:08  Marine x2  
  129  18:13  Orbital Command, Marine x2  
  126  18:24  Marine x3  
  117  18:30  Widow Mine, Marine  
  117  18:33  Marine  
  116  18:45  Widow Mine x2  
  115  18:50  Marine  
  115  18:51  Widow Mine, Marine x2  
  115  18:52  Marine  
  119  19:00  Marine  
  119  19:01  Marine x2  
  109  19:03  Marine  
  109  19:04  Marine  
Tags
 
Add a new tag
Caveats
  • Supply blocks, unpowered buildings, or Contaminate may cause inaccurate times.
  • Supply counts are checked every 10 seconds.